 Dungeon Sprint DCSS version 0.29.1-12-g30fa7ad0bf (webtiles) character file.

Game seed: 16861044513526178900

9 112233 the Scratcher (level 2, -5/12 HPs)
             Began as a Felid Transmuter on Dec 25, 2022.
             Splashed by a jelly's acid (10 damage)
             ... in the Dungeon (Sprint IX: "|||||||||||||||||||||||||||||").
             The game lasted 00:00:26 (46 turns).

112233 the Scratcher (Felid Transmuter)               Turns: 46, Time: 00:00:27

Health: -5/12      AC:  1    Str:  6    XL:     2   Next: 3%
Magic:  5/6        EV: 18    Int: 14    God:
Gold:   0          SH:  0    Dex: 16    Spells: 4/5 levels left
                                        Lives:  0   Deaths: 0

rFire   . . .      SeeInvis +     - Unarmed
rCold   . . .      Faith    .   (shield unavailable)
rNeg    . . .      Spirit   .   (body armour unavailable)
rPois   .          Reflect  .   (helmet unavailable)
rElec   .          Harm     .   (cloak unavailable)
rCorr   .          Rampage  .   (gloves unavailable)
Will    .....      NoTele   +   (boots unavailable)
Stlth   +.........              (no amulet)
HPRegen 0.04/turn               (no ring)
MPRegen 0.10/turn               (no ring)

@: appendages (expiring), quick
A: horns 2, very small, claws 1, fangs 3, see invisible, speed 1, shaggy fur 1,
stealthy paws, no weapons or thrown items, no armour, multi-lived
a: End Transformation


You were in the Dungeon.
You had temporarily grown beastly horns.
You visited 1 branch

Inventory:

Scrolls
 g - a scroll of blinking
Potions
 a - a potion of lignification
 b - a potion of curing
 c - a potion of heal wounds
 d - a potion of haste
 e - 2 potions of magic
 f - a potion of berserk rage


   Skills:
 + Level 1.3 Fighting
 + Level 3.3 Dodging
 + Level 4.1 Unarmed Combat
 + Level 2.4 Spellcasting
 + Level 2.7 Transmutations


You had 4 spell levels left.
You knew the following spells:

 Your Spells              Type           Power      Damage    Failure   Level
a - Beastly Appendage     Tmut           18%        N/A       8%          1

Your spell library contained the following spells:

 Spells                   Type           Power      Damage    Failure   Level
 Wereblood                Tmut           9%         N/A       11%         2
 Spider Form              Tmut/Pois      5%         N/A       36%         3
 Ice Form                 Ice/Tmut       5%         N/A       78%         4


Dungeon Overview and Level Annotations

Branches:
Dungeon (1/1)

Altars:


Innate Abilities, Weirdness & Mutations

You have temporarily grown beastly horns.
You have sharp claws.
You have razor-sharp teeth.
You have supernaturally acute eyesight. (SInv)
You cover ground quickly. (Speed+)
You are covered in fur. (AC +1)
Your paws help you pounce on unaware monsters.
You are incapable of wielding weapons or throwing items.
You cannot wear armour.
You gain extra lives every three experience levels.


Message History

Unknown command.
You barely miss the orc.
The orc is almost dead.
The iguana hisses angrily.
The orc misses you.
You scratch the orc but do no damage.
The orc is almost dead.
The orc misses you.
You scratch the orc but do no damage.
The orc is almost dead.
The orc completely misses you.
You barely miss the orc.
The orc is almost dead.
The orc misses you.
You scratch the orc but do no damage.
The orc is almost dead.
The orc hits you with a +0 dagger.
You scratch the orc.
You kill the orc!
Casting: Beastly Appendage (safe; 8% risk of failure)
Confirm with . or Enter, or press ? or * to list all spells.
You grow a pair of large bovine horns.
The orc barely misses you.
You barely miss the orc. You headbutt the orc.
The orc is heavily wounded.
The orc completely misses you.
You scratch the orc.
You kill the orc!
You have reached level 2!
Your transformation is almost over.
You see here a rat corpse.
There is an open door to the Dungeon, spattered with blood here.
Items here: ) †††.
You close the door, pushing everything out of the way.
You hear a slurping noise.
The jelly eats the door!
There are monsters nearby!
You barely miss the jelly. The jelly hits you.
You are splashed with acid!
Ouch! That really hurt!
You die...

▓)▓
▓'▓
▓.▓
▓.▓
▓l▓
▓.▓
▓n▓
▓J▓
▓@▓
▓.▓
▓.▓
▓<▓
▓▓▓


You could see a necrophage, an iguana and a jelly.

Vanquished Creatures
  2 orcs (D)
  A bat (D)
  A goblin (D)
  A ball python (D)
  2 rats (D)
7 creatures vanquished.

Notes
Turn   | Place    | Note
-------+----------+-------------------------------------------
     0 | D        | 112233 the Felid Transmuter began the quest for the Orb.
     0 | D        | Reached XP level 1. HP: 9/9 MP: 4/4
    16 | D        | Reached skill level 4 in Unarmed Combat
    23 | D        | Noticed an iguana
    23 | D        | Noticed a necrophage
    23 | D        | Noticed a jelly
    38 | D        | Reached XP level 2. HP: 6/12 MP: 4/6
    46 | D        | Splashed by a jelly's acid

Illustrated notes

Levels and vault maps discovered:
D:        linesprint [early_d, line_temple, items_1, d_10, items_2, lair_1,
          lair_end, items_3, orc_1, orc_end, items_4, d_15, swamp_1, shoals_1,
          snake_1, spider_1, d_20, vaults_1, items_5, swamp_end, shoals_end,
          snake_end, spider_end, vaults_end, d_27, items_6, zot_1, zot_end,
          crypt_end, forest_end, elf_end, slime_end, tomb_end, abyss_end,
          pan_hell_end]

Skill      XL: |  1 |
---------------+----+-----
Dodging        | 3 |  3.3
Unarmed Combat | 4 |  4.1
Fighting       | |  1.3
Spellcasting   | |  2.4
Transmutations | |  2.7

Action                   || total
-------------------------++-------
Melee: Unarmed           ||    21
       Bite              ||     2
       Headbutt          ||     1
 Cast: Beastly Appendage ||     2
 Stab: Sleeping          ||     1
Armor: Skin              ||     1
Dodge: Dodged            ||    19
